 Dungeon Crawl Stone Soup version 0.31-a0-1178-gc5c9b8f871 (webtiles) character file.

Game seed: 17895637286091584506

913 qw the Skirmisher (level 8, -3/49 HPs)
             Began as a Gargoyle Hunter on Dec 11, 2023.
             Slain by an ogre
             ... wielding a +0 giant club
              (26 damage)
             ... on level 4 of the Dungeon.
             The game lasted 00:01:21 (3014 turns).

qw the Skirmisher (Gargoyle Hunter)                 Turns: 3014, Time: 00:01:21

Health: -3/49      AC: 10    Str: 16    XL:     8   Next: 9%
Magic:  8/8        EV: 11    Int:  9    God:
Gold:   140        SH:  0    Dex: 15    Spells: 7/7 levels left

rFire   . . .        a - +1 shortbow (drain)
rCold   . . .        (shield currently unavailable)
rNeg    + . .        g - +0 ring mail
rPois   inf          (no helmet)
rElec   +            (no cloak)
rCorr   .            (no gloves)
SInv    .            (no boots)
Will    .....        (no amulet)
Stlth   +            (no ring)
HPRegen 0.28/turn    (no ring)
MPRegen 0.11/turn

%: no passive effects
@: no status effects
A: sickness immunity, AC +5, negative energy resistance 1, electricity
resistance, torment resistance 1, petrification resistance
a: no special abilities


You were on level 4 of the Dungeon.
You visited 1 branch of the dungeon, and saw 4 of its levels.
You also visited: Ossuary.

You collected 140 gold pieces.


Innate Abilities, Weirdness & Mutations

You are immune to sickness and miasma.
Your stone body is resilient. (AC +5)
You are immune to poison.
You resist negative energy. (rN+)
You are resistant to electric shocks. (rElec)
You are resistant to unholy torment.
You are immune to petrification.


   Skills:
 - Level 5.1 Fighting
 + Level 8.5 Ranged Weapons
 - Level 1.3 Armour
 - Level 2.0 Dodging
 - Level 1.1 Stealth


You had 7 spell levels left.
You didn't know any spells.
Your spell library was empty.

Inventory:

Hand Weapons
 a - a +1 shortbow of draining (weapon)
Armour
 g - a +0 ring mail (worn)
Jewellery
 b - a ring of protection from fire
Wands
 c - a wand of light (4)
Potions
 e - a potion of might
 f - a potion of enlightenment
 h - 5 potions of heal wounds
 i - 4 potions of haste
 j - 2 potions of mutation
 k - a potion of resistance

Dungeon Overview and Level Annotations

Branches:
Dungeon (4/15)            Ossuary (visited)
 Temple: D:4-7

Altars:

Shops:
D:2 :   D:3 (


Message History

f - a potion of enlightenment Done exploring.
2948 ||| READING scroll of identify.
2948 ||| IDENTIFYING dark potion
As you read the scroll of identify, it crumbles to dust.
k - a potion of resistance Done exploring.
2949 ||| READING scroll labelled BIUNLEOFAEG.
As you read the scroll labelled BIUNLEOFAEG, it dissolves into smoke.
It was a scroll of fog.
Done exploring.
There is an open door here.
There is a gate leading back out of this place here.
Done exploring.
Welcome back to the Dungeon!
There is a collapsed entrance here.
2959 ||| PLANNING D:1-11 A kobold comes into view.
It is wielding a +0 whip.
The kobold shouts!
You shoot an arrow. The arrow hits the kobold.
You kill the kobold!
b - a ring of protection from fire You see here a +0 whip.
You see here a +0 whip.
An ogre comes into view. It is wielding a +0 giant club.
The ogre shouts!
You shoot an arrow. The arrow hits the ogre.
You drain the ogre.
The ogre is moderately wounded.
You shoot an arrow. The arrow hits the ogre.
The ogre is heavily wounded.
You shoot an arrow. The arrow hits the ogre.
The ogre is severely wounded.
You shoot an arrow. The arrow hits the ogre.
You drain the ogre.
The ogre is almost dead.
The ogre hits you with a +0 giant club!!
Ouch! That really hurt!
You shoot an arrow. The arrow barely misses the ogre.
The ogre hits you with a +0 giant club!!
Ouch! That really hurt!
You die...

# ....######
.......@.### ###
......O##..##
######.. ...?...
##..#####.....)#
.......
##.......######
...$...
##..#####
....... #.##
.....## ##.##
##### ##...##
####.....##


You could see an ogre (very drained).

Vanquished Creatures
  Pargi (D:4)
  3 elf zombies (Ossuary)
  A bullfrog zombie (D:4)
  7 centaur zombies
  A hound (D:4)
  3 human zombies (Ossuary)
  A bullfrog skeleton (D:4)
  An orc wizard (D:4)
  A scorpion zombie (D:4)
  3 hound zombies (D:4)
  3 mummies (Ossuary)
  An adder (D:2)
  2 adder zombies (D:4)
  A worm (D:2)
  2 dart slugs
  4 orcs
  3 bats
  10 endoplasms
  2 giant cockroaches (D:1)
  2 hobgoblins (D:1)
  2 quokkas
  8 ball pythons
  3 frilled lizards
  3 goblins
  7 kobolds
  A rat (D:1)
76 creatures vanquished.

Notes
Turn   | Place    | Note
-------+----------+-------------------------------------------
     0 | D:1      | qw the Gargoyle Hunter began the quest for the Orb.
     0 | D:1      | Reached XP level 1. HP: 12/12 MP: 1/1
     0 | D:1      | 0 ||| qw: Version: 0.3-a-106-g2cfff9e
     0 | D:1      | 0 ||| qw: Game counter: 2059
     0 | D:1      | 0 ||| qw: Melee chars always use a shield: true
     0 | D:1      | 0 ||| qw: God list: Okawaru
     0 | D:1      | 0 ||| qw: Allow faded altars: false
     0 | D:1      | 0 ||| qw: Do Orc after clearing Dungeon:15 true
     0 | D:1      | 0 ||| qw: Do second Lair branch before Depths: true
     0 | D:1      | 0 ||| qw: Lair rune preference: random
     0 | D:1      | 0 ||| qw: Goals: Normal, Save, Zot:1-4, Win
     0 | D:1      | 0 ||| PLANNING D:1-11
    33 | D:1      | Reached XP level 2. HP: 17/17 MP: 2/2
   577 | D:1      | Reached XP level 3. HP: 16/21 MP: 3/3
   618 | D:1      | 618 ||| UPGRADING to +0 ring mail.
   628 | D:1      | 628 ||| DROPPING +0 leather armour.
   629 | D:1      | 629 ||| READING 6 scrolls labelled EWKUXE MIFU.
   629 | D:1      | 629 ||| IDENTIFYING sedimented blue potion
   630 | D:1      | 630 ||| READING 5 scrolls of identify.
   630 | D:1      | 630 ||| IDENTIFYING golden potion
   631 | D:1      | 631 ||| READING 4 scrolls of identify.
   631 | D:1      | 631 ||| IDENTIFYING ruby potion
   632 | D:1      | 632 ||| READING 3 scrolls of identify.
   632 | D:1      | 632 ||| IDENTIFYING blue potion
   633 | D:1      | 633 ||| READING 2 scrolls of identify.
   633 | D:1      | 633 ||| IDENTIFYING scroll labelled PUDAWU RAATUCLYLU
   634 | D:1      | 634 ||| READING scroll of brand weapon.
   634 | D:1      | 634 ||| BRANDING +0 shortbow.
   635 | D:1      | 635 ||| DROPPING scroll of butterflies.
   664 | D:2      | Found a faded altar of an unknown god.
   814 | D:2      | Reached skill level 1 in Armour
   931 | D:2      | Found Oxzeija's Book Shoppe.
  1087 | D:2      | Reached skill level 5 in Ranged Weapons
  1497 | D:2      | 1497 ||| READING 2 scrolls of identify.
  1497 | D:2      | 1497 ||| IDENTIFYING fizzy blue potion
  1498 | D:2      | 1498 ||| READING scroll of identify.
  1498 | D:2      | 1498 ||| IDENTIFYING grey potion
  1499 | D:2      | 1499 ||| READING scroll labelled WAIHOA OS VIH.
  1500 | D:2      | 1500 ||| READING scroll labelled VALO ROQEOLA.
  1500 | D:2      | 1500 ||| ENCHANTING +0 shortbow of draining.
  1501 | D:2      | 1501 ||| DROPPING potion of degeneration.
  1502 | D:2      | 1502 ||| DROPPING potion of invisibility.
  1702 | D:3      | Found Qeimergh's Weapon Emporium.
  1729 | D:3      | Reached XP level 4. HP: 27/27 MP: 4/4
  2135 | D:3      | 2135 ||| READING scroll labelled FACATE EMEI.
  2155 | D:4      | 2155 ||| PLANNING OSSUARY
  2171 | D:4      | Reached skill level 3 in Fighting
  2181 | D:4      | Reached XP level 5. HP: 23/32 MP: 5/5
  2295 | D:4      | Reached skill level 6 in Ranged Weapons
  2341 | D:4      | Reached XP level 6. HP: 38/38 MP: 6/6
  2374 | D:4      | Noticed Pargi
  2390 | D:4      | 2390 ||| Stepping ~*~*~tactically~*~*~ (retreating).
  2391 | D:4      | 2391 ||| DRINKING potion of curing.
  2391 | D:4      | 2391 ||| (to cure confusion)
  2392 | D:4      | 2392 ||| Stepping ~*~*~tactically~*~*~ (retreating).
  2395 | D:4      | Killed Pargi
  2507 | D:4      | Found a sand-covered staircase.
  2508 | D:4      | 2508 ||| READING 3 scrolls of identify.
  2508 | D:4      | 2508 ||| IDENTIFYING glowing blue potion
  2509 | D:4      | 2509 ||| DROPPING potion of magic.
  2518 | Ossuary  | Entered an ossuary
  2533 | Ossuary  | Reached skill level 7 in Ranged Weapons
  2545 | Ossuary  | Reached XP level 7. HP: 35/43 MP: 7/7
  2658 | Ossuary  | Reached skill level 8 in Ranged Weapons
  2852 | Ossuary  | Reached XP level 8. HP: 33/49 MP: 8/8
  2946 | Ossuary  | 2946 ||| READING 3 scrolls of identify.
  2946 | Ossuary  | 2946 ||| IDENTIFYING inky potion
  2947 | Ossuary  | 2947 ||| READING 2 scrolls of identify.
  2947 | Ossuary  | 2947 ||| IDENTIFYING sedimented brown potion
  2948 | Ossuary  | 2948 ||| READING scroll of identify.
  2948 | Ossuary  | 2948 ||| IDENTIFYING dark potion
  2949 | Ossuary  | 2949 ||| READING scroll labelled BIUNLEOFAEG.
  2959 | D:4      | 2959 ||| PLANNING D:1-11
  3014 | D:4      | Slain by an ogre

Levels and vault maps discovered:
D:1:      heliophobic_arrival_enchanted_forest, layout_loops_cross
D:2:      layout_loops_ring, hellmonk_ecumenical_altar_lost_god, serial_rivers,
          chequers_serial_rivers_small_3, chequers_serial_rivers_micro_c,
          chequers_serial_rivers_small_3, chequers_serial_rivers_room_b,
          chequers_serial_rivers_micro_c, chequers_serial_rivers_room_a,
          serial_shops, shop, hangedman_abyss_or_decor_stabs
D:3:      layout_loops_ring, serial_shops, shop, grunt_decor_clamped
D:4:      layout_cave_pods, kennysheep_mini, nicolae_ossuary_entry_ruins,
          serial_undead, serial_undead_e, serial_undead_a, serial_undead_b,
          serial_undead_c, serial_undead_b, serial_undead_c, serial_undead_f,
          serial_undead_b, chequers_serial_rivers_micro_a, uniq_pargi,
          uniq_crazy_yiuf_cottage

Skill      XL: |  1  2  3  4  5  6  7 |
---------------+----------------------+-----
Armour         | 1 |  1.3
Ranged Weapons | 5 6 7 8 |  8.5
Fighting       | 3 4 5 |  5.1
Dodging        | 2 |  2.0
Stealth        | |  1.1

Action                     |  1- 3 |  4- 6 |  7- 9 || total
---------------------------+-------+-------+-------++-------
   Fire: Shortbow          |    92 |   125 |   141 ||   358
    Use: Scroll            |    10 |     2 |     4 ||    16
         Potion            |       |     1 |       ||     1
 Armour: Leather armour    |    14 |       |       ||    14
         Ring mail         |     3 |    98 |    99 ||   200
  Dodge: Dodged            |    13 |    64 |    56 ||   133

Table legend:
 A = Non-vault XP
 B = Vault XP
 C = Vault XP percentage of total XP
 D = Non-vault monster count
 E = Vault monster count
 F = Vault count percentage of total count
                 A         B        C        D         E       F
            +---------+---------+-------+---------+---------+-------
      Total |     184 |    1121 |  85.9 |      51 |      25 |  32.9
            +---------+---------+-------+---------+---------+-------
        D:1 |      34 |       0 |   0.0 |      20 |       0 |   0.0
        D:2 |      34 |       0 |   0.0 |      11 |       0 |   0.0
        D:3 |      20 |       0 |   0.0 |      11 |       0 |   0.0
        D:4 |      96 |     377 |  79.7 |       9 |      10 |  52.6
    Ossuary |       0 |     744 | 100.0 |       0 |      15 | 100.0
            +---------+---------+-------+---------+---------+-------
